 Dungeon Crawl Stone Soup version 0.28-a0-983-g1de4e0787c (webtiles) character file.

Game seed: 2543470896346962011

181 Lavandula the Poker (level 5, -6/39 HPs)
             Began as an Octopode Chaos Knight on Dec 3, 2021.
             Was a Plaything of Xom.
             Mangled by an orc priest (7 damage)
             ... on level 4 of the Dungeon.
             The game lasted 00:05:36 (2959 turns).

Lavandula the Poker (Octopode Chaos Knight)         Turns: 2959, Time: 00:05:36

Health: -6/39      AC:  1    Str: 11 (12) XL:     5   Next: 61%
Magic:  5/5        EV: 13    Int: 13 (14) God:    Xom [...*..]
Gold:   136        SH:  0    Dex: 11 (13) Spells: 4/4 levels left

rFire   . . .      SeeInvis +   a - +0 spear (chaos)
rCold   . . .      Faith    .   (no shield)
rNeg    . . .      Spirit   .   (helmet restricted)
rPois   .          Reflect  .   (no amulet)
rElec   .          Harm     .   (no ring)
rCorr   .          Rampage  .   (no ring)
Will    .....                   (no ring)
Stlth   ++........              (no ring)
HPRegen 0.13/turn               (no ring)
MPRegen 0.09/turn               (no ring)
                                (no ring)
                                (no ring)

@: mighty
A: almost no armour, amphibious, 8 rings, camouflage 1, gelatinous body 1,
(nimble swimmer 1), tentacles, see invisible, high mp 1, robust 1, wild magic 1,
noise suppression
a: Renounce Religion


You were on level 4 of the Dungeon.
You worshipped Xom.
You were a favourite toy of Xom.
You visited 1 branch of the dungeon, and saw 4 of its levels.

You collected 196 gold pieces.
You spent 60 gold pieces at shops.

Inventory:

Hand Weapons
 a - a +0 spear of chaos (weapon)
Missiles
 d - 3 atropa-tipped darts (quivered)
 l - 6 javelins
Wands
 n - a wand of paralysis (12)
Scrolls
 b - a scroll of amnesia {unknown}
 e - a scroll of summoning {unknown}
 g - a scroll of magic mapping {unknown}
 k - a scroll of silence {unknown}
Potions
 c - a potion of mutation
 f - a potion of cancellation
 i - a potion of attraction {unknown}
 j - a potion of haste {unknown}
 m - a potion of flight {unknown}
 o - a potion of heal wounds {unknown}


   Skills:
 - Level 3.0 Fighting
 + Level 6.1 Polearms
 - Level 2.3 Dodging


You had 4 spell levels left.
You didn't know any spells.
Your spell library was empty.

Dungeon Overview and Level Annotations

Branches:
Dungeon (4/15)
 Temple: D:4-7

Altars:

Shops:
D:3 *


Innate Abilities, Weirdness & Mutations

You cannot wear most types of armour.
You are amphibious.
You can wear up to eight rings at the same time.
Your skin changes colour to match your surroundings (Stealth+).
Your rubbery body absorbs attacks. (AC +1, EV +1)
((You are camouflaged near water. (Stealth+)))
You have tentacles for arms and can constrict up to eight enemies at once.
You have supernaturally acute eyesight. (SInv)
You have an increased reservoir of magic. (+10% MP)
You are robust. (+10% HP)
Your spells are a little harder to cast, but a little more powerful.
You passively dampen the noise of your surroundings.


Message History

You constrict the orc priest, but do no damage.
The orc priest hits you with a +0 mace! The orc hits you with a +0 club.
* * * LOW HITPOINT WARNING * * *
Unknown command.
Unknown command.
It was a potion of mutation.
You feel extremely strange. The antennae on your head shrink away.
You feel healthier.
You no longer feel heat resistant.
You feel more energetic.
Xom is amused.
You feel robust.
You feel your surroundings grow quieter.
Xom thinks this is hilarious!
You constrict the orc priest, but do no damage.
The orc priest misses you. The orc barely misses you.
The orc priest closely misses you.
It was a potion of cancellation.
You feel magically purged.
You constrict the orc priest, but do no damage.
The orc priest closely misses you. The orc barely misses you.
The orc priest closely misses you.
The kobold throws a stone.
The stone closely misses you.
Unknown command.
Okay, then.
Okay, then.
It was a potion of degeneration.
There was something very wrong with that liquid.
You feel weakened.
You feel dopey.
You feel clumsy.
You constrict the orc priest. The orc priest barely misses you.
The orc completely misses you. The orc priest hits you with a +0 mace!
* * * LOW HITPOINT WARNING * * *
The orc priest hits you with a +0 mace.
* * * LOW HITPOINT WARNING * * *
Okay, then.
Okay, then.
It was a potion of might.
You feel very mighty all of a sudden.
You constrict the orc priest, but do no damage.
The orc priest hits you but does no damage.
The orc misses you. The orc priest hits you with a +0 mace!
You die...
Xom bursts into laughter!

## ### .######
..# ##....... #.#
.#### #.###......
#.#
.....(###...Koo.#
#.# #.....# #@#
#.# ####### #o#
#.# #.# .######.#
#.. ......... #..
.######.< #...
#.. #:..
..######.. #...#
..........
..######..


You could see 2 orc priests, an orc and a kobold.

Vanquished Creatures
  A floating eye (shapeshifter) (D:3)
  2 gnolls (D:2)
  2 worms (D:3)
  A dart slug (D:1)
  2 orcs
  9 bats
  2 endoplasms
  2 giant cockroaches
  5 goblins
  3 hobgoblins (D:1)
  5 jackals
  A quokka (D:1)
  3 ball pythons
  A frilled lizard (D:3)
  3 kobolds
  5 rats
47 creatures vanquished.

Notes
Turn   | Place    | Note
-------+----------+-------------------------------------------
     0 | D:1      | Lavandula the Octopode Chaos Knight began the quest for the
                  | Orb.
     0 | D:1      | Reached XP level 1. HP: 16/16 MP: 1/1
    91 | D:1      | XOM: silly message
    97 | D:1      | XOM: smoke on damage
   290 | D:1      | Reached XP level 2. HP: 21/21 MP: 2/2
   349 | D:1      | XOM: silly message
   417 | D:1      | You fall into a shaft and drop 1 floor!
   659 | D:1      | Reached skill level 4 in Polearms
   868 | D:1      | Reached XP level 3. HP: 25/26 MP: 3/3
   947 | D:1      | XOM: give mutations
   947 | D:1      | Gained mutation: You have supernaturally acute eyesight.
                  | (SInv) [Xom's grace]
   947 | D:1      | Gained mutation: You have a pair of small antennae on your
                  | head. [Xom's grace]
  1878 | D:2      | XOM: give mutations
  1878 | D:2      | Gained mutation: Your spells are a little harder to cast,
                  | but a little more powerful. [Xom's mischief]
  1878 | D:2      | Gained mutation: You are agile. (Dex +2) [Xom's mischief]
  1878 | D:2      | Lost mutation: You are agile. (Dex +2) [Xom's mischief]
  1878 | D:2      | Gained mutation: Your body sometimes deteriorates upon
                  | taking damage. [Xom's mischief]
  2095 | D:2      | Reached XP level 4. HP: 12/31 MP: 4/4
  2196 | D:2      | XOM: 1-stop teleportation journey
  2330 | D:3      | XOM: noise
  2416 | D:3      | Noticed a glowing shapeshifter
  2416 | D:3      | a jackal changed into a glowing shapeshifter
  2416 | D:3      | XOM: polymorph jackal -> glowing shapeshifter
  2416 | D:3      | Noticed a floating eye
  2416 | D:3      | a glowing shapeshifter changed into a floating eye
  2417 | D:3      | Killed a floating eye
  2418 | D:3      | Reached skill level 6 in Polearms
  2418 | D:3      | Reached XP level 5. HP: 35/36 MP: 5/5
  2543 | D:3      | Found Renaweaxt's Assorted Antiques.
  2549 | D:3      | Bought a lumpy puce potion for 20 gold pieces
  2549 | D:3      | Bought a cyan potion for 20 gold pieces
  2549 | D:3      | Bought a bubbling purple potion for 20 gold pieces
  2766 | D:3      | XOM: give mutation
  2766 | D:3      | Gained mutation: Your flesh is heat resistant. (rF+) [Xom's
                  | grace]
  2834 | D:3      | XOM: cloud trail
  2908 | D:3      | XOM: enchant monster (good)
  2952 | D:4      | XOM: 4-stop teleportation journey
  2956 | D:4      | Lost mutation: You have a pair of small antennae on your
                  | head. [potion of mutation]
  2956 | D:4      | Lost mutation: Your body sometimes deteriorates upon taking
                  | damage. [potion of mutation]
  2956 | D:4      | Lost mutation: Your flesh is heat resistant. (rF+) [potion
                  | of mutation]
  2956 | D:4      | Gained mutation: You have an increased reservoir of magic.
                  | (+10% MP) [potion of mutation]
  2956 | D:4      | Gained mutation: You are robust. (+10% HP) [potion of
                  | mutation]
  2956 | D:4      | Gained mutation: You passively dampen the noise of your
                  | surroundings. [potion of mutation]
  2958 | D:4      | HP: 1/39 [orc priest (3)]
  2959 | D:4      | Mangled by an orc priest

Illustrated notes

Levels and vault maps discovered:
D:1:      wander_arrival_estate, layout_basic
D:2:      layout_loops_cross, minmay_between
D:3:      layout_loops_ring, serial_shops, nicolae_shop_stone
D:4:      layout_loops_ring, minmay_manual_mess, uniq_edmund, uniq_grinder,
          uniq_duvessa

Skill      XL: |  1  2  3  4 |
---------------+-------------+-----
Polearms       | 4 6 |  6.1
Fighting       | |  3.0
Dodging        | |  2.3

Action                   |  1- 3 |  4- 6 || total
-------------------------+-------+-------++-------
Melee: Spear             |   100 |    27 ||   127
       Constrict         |    16 |     9 ||    25
       Tentacles         |    10 |     7 ||    17
Throw: Dart              |     1 |       ||     1
  Use: Potion            |       |     4 ||     4
 Stab: Sleeping          |    15 |     4 ||    19
       Confused          |     1 |       ||     1
Armor: Skin              |     5 |     1 ||     6
Dodge: Dodged            |    34 |    13 ||    47

Table legend: (Time is in decaauts)
 A = Elapsed time spent in this place.
 B = Non-inter-level travel time spent in this place.
 C = Inter-level travel time spent in this place.
 D = Time resting spent in this place.
 E = Time spent auto-exploring this place.
 F = Levels seen in this place.
 G = Mean time per level.
                   A        B        C        D        E       F      G
               +--------+--------+--------+--------+--------+-----+--------+
         Total |   2944 |   2862 |     82 |     80 |   2147 |   4 |  736.0 |
       Dungeon |   2944 |   2862 |     82 |     80 |   2147 |   4 |  736.0 |
               +--------+--------+--------+--------+--------+-----+--------+

Top non-repeatable levels by time:
     D:2: 1363 daAuts
     D:1: 957 daAuts
     D:3: 602 daAuts
     D:4: 21 daAuts
